 Dungeon Crawl Stone Soup version 0.31-a0-233-g139696dc86 (webtiles) character file.

Game seed: 16567925952060738053

268 Nietzsche the Grave Robber (level 6, -5/44 HPs)
             Began as a Vampire Necromancer on July 9, 2023.
             Slain by Pikel
             ... wielding a +0 whip of freezing
              (7 damage)
             ... on level 4 of the Dungeon.
             The game lasted 00:10:15 (3444 turns).

Nietzsche the Grave Robber (Vampire Necromancer)    Turns: 3444, Time: 00:10:17

Health: -5/44      AC:  2    Str:  7    XL:     6   Next: 1%
Magic:  8/10       EV: 12    Int: 20    God:
Gold:   122        SH:  0    Dex: 14    Spells: 3/11 levels left

rFire   . . .        q - +2 whip (drain)
rCold   . . .        (no shield)
rNeg    . . .        a - +0 robe
rPois   .            (no helmet)
rElec   .            (no cloak)
rCorr   .            (no gloves)
SInv    +            (no boots)
Will    .....        (no amulet)
Stlth   ++           (no ring)
HPRegen 0.47/turn    (no ring)
MPRegen 0.12/turn

%: no passive effects
@: healing quickly
A: alive, fangs 3, see invisible, vampiric 2
a: Exsanguinate


You were on level 4 of the Dungeon.
You visited 1 branch of the dungeon, and saw 4 of its levels.

You collected 122 gold pieces.

Inventory:

Hand Weapons
 f - a +0 short sword
 q - a +2 whip of draining (weapon)
Armour
 a - a +0 robe (worn)
Scrolls
 d - 2 scrolls of teleportation
 e - a scroll of immolation
 i - 2 scrolls of amnesia
 n - a scroll of blinking {unknown}
 o - a scroll of identify
Potions
 c - a potion of attraction {unknown}
 g - 2 potions of cancellation {unknown}
 h - a potion of curing
 j - a potion of enlightenment {unknown}
 k - a potion of degeneration {unknown}
 l - a potion of mutation {unknown}
 m - a potion of invisibility {unknown}
 p - 2 potions of haste {unknown}


   Skills:
 * Level 1.8 Fighting
 + Level 2.2 Short Blades
 * Level 0.8 Maces & Flails
 + Level 2.3 Dodging
 + Level 3.6 Stealth
 + Level 3.3 Spellcasting
 + Level 5.7 Necromancy


You had 3 spell levels left.
You knew the following spells:

 Your Spells              Type           Power      Damage    Failure   Level
a - Necrotise             Necr           100%       1d9       1%          1
b - Vampiric Draining     Necr           26%        2d7       3%          3
c - Animate Dead          Necr           26%        N/A       13%         4

Your spell library contained the following spells:

 Spells                   Type           Power      Damage    Failure   Level
 Vhi's Electric Charge    Tloc/Air       6%         N/A       38%         3
 Agony                    Necr           26%        N/A       34%         5
 Arcjolt                  Conj/Air       1%         1d11      98%         5
 Plasma Beam              Fire/Air       1%         2x1d11    100%        6


Dungeon Overview and Level Annotations

Branches:
Dungeon (4/15)
 Temple: D:4-7

Altars:
Gozag

Annotations:
D:4 Pikel


Innate Abilities, Weirdness & Mutations

Your natural rate of healing is accelerated.
You have razor-sharp teeth.
You have supernaturally acute eyesight. (SInv)
You are afflicted with vampirism and can become a bat while bloodless.


Message History

Confirm with . or Enter, or press ? or * to list all spells.
Aiming: Necrotise (safe; 1% risk of failure)
Press: ? - help, Shift-Dir - straight line, f/p - Pikel
Aim: Pikel, wielding a +0 whip of freezing and wearing a +2 robe of fire resistance (heavily wounded, chance to affect: 83%) Pikel barely resists.
You hear a shout!
Pikel hits you with a +0 whip of freezing!
* * * LOW HITPOINT WARNING * * *
Pikel freezes you.
* * * LOW HITPOINT WARNING * * *
A ball python comes into view.
You feel better. Pikel barely misses you. Magic courses through your body.
Pikel misses you.
Casting: Necrotise (safe; 1% risk of failure)
Confirm with . or Enter, or press ? or * to list all spells.
Aiming: Necrotise (safe; 1% risk of failure)
Press: ? - help, Shift-Dir - straight line, f/p - Pikel
Aim: Pikel, wielding a +0 whip of freezing and wearing a +2 robe of fire resistance (heavily wounded, chance to affect: 83%) Pikel writhes in agony.
Pikel hits you with a +0 whip of freezing.
Pikel freezes you.
* * * LOW HITPOINT WARNING * * *
Casting: Necrotise (safe; 1% risk of failure)
Confirm with . or Enter, or press ? or * to list all spells.
Aiming: Necrotise (safe; 1% risk of failure)
Press: ? - help, Shift-Dir - straight line, f/p - Pikel
Aim: Pikel, wielding a +0 whip of freezing and wearing a +2 robe of fire resistance (severely wounded, chance to affect: 83%) Pikel writhes in agony!
Pikel hits you with a +0 whip of freezing!
* * * LOW HITPOINT WARNING * * *
Pikel freezes you.
* * * LOW HITPOINT WARNING * * *
Casting: Necrotise (safe; 1% risk of failure)
Confirm with . or Enter, or press ? or * to list all spells.
Aiming: Necrotise (safe; 1% risk of failure)
Press: ? - help, Shift-Dir - straight line, f/p - Pikel
Aim: Pikel, wielding a +0 whip of freezing and wearing a +2 robe of fire resistance (almost dead, chance to affect: 83%) Pikel writhes in agony.
Pikel hits you with a +0 whip of freezing!
You die...

..#.# ..#.# .... ..#
...# #.# S..# #.. 55.
#.# ####K# #.# #..@.#
# #.# #.####
#.#####.# #.#
#.....[.####[####.#
....###........<....#
### #.######.######
#)# #.# #)# ###.###
#.# #.....#


You could see Pikel, 2 lemures and a ball python.

Vanquished Creatures
  2 scorpions
  An orc priest (D:4)
  3 gnolls (D:4)
  3 adders
  A worm (D:2)
  4 dart slugs
  2 orcs (D:4)
  6 ball pythons
  6 endoplasms
  3 giant cockroaches
  4 goblins
  3 hobgoblins
  3 jackals (D:2)
  5 kobolds
  A quokka (D:2)
  2 bats
  2 frilled lizards (D:1)
  3 rats
54 creatures vanquished.

Vanquished Creatures (collateral kills)
  A frilled lizard (D:2)
1 creature vanquished.

Grand Total: 55 creatures vanquished

Notes
Turn   | Place    | Note
-------+----------+-------------------------------------------
     0 | D:1      | Nietzsche the Vampire Necromancer began the quest for the
                  | Orb.
     0 | D:1      | Reached XP level 1. HP: 13/13 MP: 3/3
   296 | D:1      | Found a faded altar of an unknown god.
   306 | D:1      | Reached XP level 2. HP: 16/19 MP: 0/5
  1014 | D:2      | Noticed a scorpion
  1019 | D:2      | Killed a scorpion
  1020 | D:2      | Reached skill level 1 in Short Blades
  1020 | D:2      | Reached skill level 5 in Necromancy
  1020 | D:2      | Gained mutation: You are afflicted with vampirism and can
                  | become a bat while bloodless. [Vampire growth]
  1020 | D:2      | Reached XP level 3. HP: 25/25 MP: 0/6
  1020 | D:2      | Reached XP level 4. HP: 31/31 MP: 0/7
  1026 | D:2      | Learned a level 3 spell: Vampiric Draining
  1031 | D:2      | Learned a level 4 spell: Animate Dead
  1268 | D:2      | Reached skill level 1 in Fighting
  1645 | D:2      | You fall into a shaft and drop 1 floor!
  2297 | D:3      | Found an opulent altar of Gozag.
  2755 | D:3      | Reached XP level 5. HP: 34/37 MP: 5/9
  3381 | D:4      | Reached XP level 6. HP: 44/44 MP: 4/10
  3432 | D:4      | Noticed Pikel
  3443 | D:4      | HP: 2/44 [Pikel/+0 whip of freezing (4)]
  3444 | D:4      | Slain by Pikel

Illustrated notes

Levels and vault maps discovered:
D:1:      dpeg_arrival_boxes_within_box, layout_basic,
          hellmonk_ecumenical_altar_lost_god, serial_forest,
          infiniplex_forest_lined_2, infiniplex_forest_straight_3,
          infiniplex_forest_lined_room_3, infiniplex_forest_zigzag_1,
          infiniplex_forest_clump_long, infiniplex_forest_lined_room_2
D:2:      layout_loops_cross
D:3:      layout_loops_ring, nicolae_gozag_seed_capital, elyvilon_altar_5
D:4:      layout_loops_ring, chequers_temple_overflow_statue_of_worship,
          uniq_menkaure, uniq_pikel

Skill      XL: |  1  2  3  4  5 |
---------------+----------------+-----
Short Blades   | 1 2 |  2.2
Necromancy     | 5 |  5.7
Fighting       | 1 |  1.8
Spellcasting   | 3 |  3.3
Maces & Flails | |  0.8
Dodging        | |  2.3
Stealth        | |  3.6

Action                     |  1- 3 |  4- 6 || total
---------------------------+-------+-------++-------
  Melee: Unarmed           |     6 |       ||     6
         Short sword       |     4 |    42 ||    46
         Bite              |       |     2 ||     2
         Whip              |       |     5 ||     5
   Cast: Necrotise         |    27 |    42 ||    69
         Vampiric Draining |       |    22 ||    22
         Animate Dead      |       |     1 ||     1
    Use: Scroll            |       |     5 ||     5
         Potion            |       |     4 ||     4
 Armour: Robe              |     4 |     6 ||    10
  Dodge: Dodged            |     7 |    60 ||    67

Table legend: (Time is in decaauts)
 A = Elapsed time spent in this place.
 B = Non-inter-level travel time spent in this place.
 C = Inter-level travel time spent in this place.
 D = Time resting spent in this place.
 E = Time spent auto-exploring this place.
 F = Levels seen in this place.
 G = Mean time per level.
                   A        B        C        D        E       F      G
               +--------+--------+--------+--------+--------+-----+--------+
         Total |   3439 |   3342 |     97 |      0 |   2799 |   4 |  859.8 |
       Dungeon |   3439 |   3342 |     97 |      0 |   2799 |   4 |  859.8 |
               +--------+--------+--------+--------+--------+-----+--------+

Top non-repeatable levels by time:
     D:2: 1169 daAuts
     D:1: 1013 daAuts
     D:3: 962 daAuts
     D:4: 294 daAuts
